 Dungeon Crawl Stone Soup version 0.26.0-57-g60708a5e39 (webtiles) character file.

Game seed: 4834694036622965093

5629 Gadfly the Chopper (level 11, -6/81 HPs)
             Began as a Formicid Fighter on Feb 2, 2021.
             Was a High Priest of Okawaru.
             Mangled by a boulder beetle (35 damage)
             ... on level 9 of the Dungeon.
             The game lasted 00:17:05 (9914 turns).

Gadfly the Chopper (Formicid Fighter)               Turns: 9914, Time: 00:17:06

Health: -6/81      AC: 15    Str: 30    XL:     11   Next: 3%
Magic:  16/16      EV:  7    Int: 10    God:    Okawaru [*****.]
Gold:   464        SH: 11    Dex: 10    Spells: 8/10 levels left

rFire    . . .     SeeInvis +   a - +4 hand axe of Itawig {drain, rElec rPois Int+2}
rCold    . . .     Faith    .   c - +0 kite shield
rNeg     . . .     Spirit   .   E - +0 plate armour
rPois    +         Reflect  .   (helmet unavailable)
rElec    +         Harm     .   f - +1 cloak
rCorr    .         Rampage  .   (no gloves)
Will     ++...                  (no boots)
Stlth    ..........             (no amulet)
HPRegen  0.23/turn              C - ring of willpower
MPRegen  0.15/turn              r - +6 ring of strength

@: no status effects
A: permanent stasis, dig shafts and tunnels, four strong arms, antennae 3,
mutation resistance 1
a: Dig, Shaft Self, Renounce Religion, Heroism, Finesse


You were on level 9 of the Dungeon.
You worshipped Okawaru.
Okawaru was extremely pleased with you.
You visited 2 branches of the dungeon, and saw 10 of its levels.
You also visited: Sewer.

You collected 604 gold pieces.
You spent 140 gold pieces at shops.

Inventory:

Hand Weapons
 a - the +4 hand axe of Itawig (weapon) {drain, rElec rPois Int+2}
   (You found it on level 4 of the Dungeon)

   A truly terrible weapon, it drains the life of those it strikes.
   It affects your intelligence (+2).
   It insulates you from electricity.
   It protects you from poison.
 b - the +9 hand crossbow "Imivoran" {elec, Str+3 Dex+5}
   (You found it on level 7 of the Dungeon)

   It charges the ammunition it shoots with electricity; occasionally upon a
   hit, such missiles may discharge and cause terrible harm.
   It affects your strength (+3).
   It affects your dexterity (+5).
 j - a +3 battleaxe
 n - a +1 broad axe of flaming
Missiles
 t - 125 bolts
Armour
 c - a +0 kite shield (worn)
 f - a +1 cloak (worn)
 E - a +0 plate armour (worn)
Jewellery
 q - an uncursed ring of willpower
 r - a +6 ring of strength (right hand)
 C - a ring of willpower (left hand)
Wands
 s - a wand of flame (26) (quivered)
 u - a wand of iceblast (18)
 A - a wand of acid (9)
 B - a wand of enslavement (4)
 D - a wand of polymorph (9)
Scrolls
 e - 2 scrolls of enchant armour
 i - a scroll of fear
 v - 5 scrolls of remove curse
 x - a scroll of magic mapping
 y - a scroll of identify
Potions
 d - 6 potions of might
 g - a potion of attraction
 h - a potion of heal wounds
 k - 4 potions of flight
 l - a potion of lignification
 m - a potion of mutation
 o - 9 potions of curing
 p - a potion of cancellation
 w - a potion of ambrosia
 z - a potion of resistance


   Skills:
 + Level 6.2 Fighting
 * Level 7.2 Axes
 * Level 6.8 Crossbows
 + Level 6.7 Armour
 + Level 6.9 Shields
 + Level 6.8 Invocations
 + Level 6.7 Evocations


You had 8 spell levels left.
You knew the following spells:

 Your Spells              Type           Power        Failure   Level
a - Wereblood             Tmut           0%           100%        2

Your spell library contained the following spells:

 Spells                   Type           Power        Failure   Level
 Beastly Appendage        Tmut           0%           99%         1
 Spider Form              Tmut/Pois      0%           100%        3
 Ice Form                 Ice/Tmut       0%           100%        4
 Blade Hands              Tmut           0%           100%        5


Dungeon Overview and Level Annotations

Branches:
Dungeon (9/15)             Temple (1/1) D:5           Sewer (visited)
   Lair: D:8-11         Orc: D:9-12

Altars:
Ashenzari
Dithmenos
Elyvilon
Fedhas
Gozag
Hepliaklqana
Kikubaaqudgha
Makhleb
Nemelex Xobeh
Okawaru
Qazlal
Ru
Uskayaw
Wu Jian
Xom
Yredelemnul
Zin

Shops:
D:4 !


Innate Abilities, Weirdness & Mutations

You cannot be hasted, slowed, berserked, paralysed or teleported.
You can dig through walls and to a lower floor.
Your four strong arms can wield two-handed weapons with a shield.
You have a pair of large antennae on your head. (SInv)
You are somewhat resistant to further mutation.


Message History

What are your orders? t - Shout!
Orders for allies: a - Attack new target. p - Attack previous target. r - Retreat! s - Stop attacking. g - Guard the area. f - Follow me.
Anything else - Cancel.
Guard this area!
The boulder beetle is no longer charmed.
The boulder beetle seems less drained.
The boulder beetle leaps!
The boulder beetle leaps!
Things that are here:
a +3 battleaxe; a +0 chain mail; a human corpse
j - a +3 battleaxe You feel like a meek peon again.
The boulder beetle leaps!
There is a large open door here.
The boulder beetle curls into a ball and begins rolling!
The boulder beetle hits you!!
You die...

#.# { ##.# {{ ##.## {{{
....#################
##..#...............########## #
##..##.......##..##.......+
#####8.##.8..########.#########
#.'..†....##...B....'.#$)+...B.
..'.......##....@...'.#)$+....†##
#####8.##.8..########.#########..
#..##[......##..##..[....'†#.
#...............#############
#################


You could see a boulder beetle.

Vanquished Creatures
  A death knight (D:9)
  5 humans (D:8)
  A yak (shapeshifter) (D:9)
  A water moccasin (D:6)
  An orc warrior (D:8)
  2 phantoms
  2 ice beasts (D:6)
  3 sky beasts
  A black bear (D:6)
  An eye of draining (D:8)
  A necrophage (D:8)
  3 centaurs
  4 ogres (D:7)
  4 big kobolds
  Blork the orc (D:6)
  4 bullfrogs
  15 killer bees
  2 scorpions
  2 quasits
  3 jellies (D:6)
  2 orc priests
  A bullfrog zombie (D:9)
  2 hounds
  A centaur zombie (D:5)
  Crazy Yiuf (D:2)
  2 centaur skeletons
  A bullfrog skeleton (D:8)
  5 orc wizards
  An iguana (D:4)
  6 worker ants
  A mummy (D:4)
  18 adders
  6 river rats (Sewer)
  2 shadow imps
  5 ufetubi
  An ooze (Sewer)
  2 worms (D:6)
  A dart slug (D:5)
  7 leopard geckos
  16 orcs
  2 ball pythons (Sewer)
  5 bats
  A bat zombie (D:1)
  7 giant cockroaches
  8 goblins
  5 hobgoblins
  34 kobolds
  4 quokkas
  7 frilled lizards
  4 kobold zombies (D:4)
  A leopard gecko skeleton (D:5)
  A leopard gecko zombie (D:1)
  23 rats
240 creatures vanquished.

Vanquished Creatures (others)
  9 plants (D:9)
9 creatures vanquished.

Grand Total: 249 creatures vanquished

Notes
Turn   | Place    | Note
-------+----------+-------------------------------------------
     0 | D:1      | Gadfly the Formicid Fighter began the quest for the Orb.
     0 | D:1      | Reached XP level 1. HP: 18/18 MP: 1/1
   426 | D:1      | Reached XP level 2. HP: 16/24 MP: 2/2
   639 | D:1      | Reached skill level 1 in Crossbows
   695 | D:1      | Reached skill level 1 in Invocations
   695 | D:1      | Reached XP level 3. HP: 26/29 MP: 3/3
  1408 | D:2      | Found a white marble altar of Elyvilon.
  1668 | D:2      | Became a worshipper of Elyvilon the Healer
  1758 | D:2      | Reached skill level 1 in Evocations
  1861 | D:2      | Found a runed translucent door.
  1862 | D:2      | Noticed Crazy Yiuf
  2259 | D:2      | Killed Crazy Yiuf
  2260 | D:2      | Reached XP level 4. HP: 10/35 MP: 5/5
  2773 | D:3      | Reached * piety under Elyvilon
  2786 | D:3      | Reached XP level 5. HP: 41/41 MP: 6/6
  3053 | D:4      | Found Jisumud's Distillery.
  3093 | D:4      | Bought a potion of curing for 30 gold pieces
  3093 | D:4      | Bought a potion of flight for 30 gold pieces
  3093 | D:4      | Bought a potion of cancellation for 80 gold pieces
  3099 | D:4      | Gained mutation: You are somewhat resistant to further
                  | mutation. [potion of mutation]
  3499 | D:4      | Reached ** piety under Elyvilon
  3688 | D:4      | Got a warped hand axe
  3764 | D:4      | Identified the +4 hand axe of Itawig {drain, rElec rPois
                  | Int+2} (You found it on level 4 of the Dungeon)
  4265 | D:4      | Reached skill level 3 in Axes
  4342 | D:4      | Reached XP level 6. HP: 47/47 MP: 7/7
  4595 | D:5      | Entered Level 5 of the Dungeon
  4838 | D:5      | Found a blossoming altar of Fedhas.
  4904 | D:5      | Noticed a sky beast
  4920 | D:5      | Killed a sky beast
  4921 | D:5      | Reached XP level 7. HP: 46/53 MP: 9/9
  5033 | D:5      | Found a sparkling altar of Nemelex Xobeh.
  5596 | D:5      | Reached *** piety under Elyvilon
  5654 | D:5      | Found a staircase to the Ecumenical Temple.
  5662 | D:5      | Reached skill level 4 in Axes
  5662 | D:5      | Reached XP level 8. HP: 60/60 MP: 10/10
  5674 | Temple   | Entered the Ecumenical Temple
  5718 | Temple   | Fell from the grace of Elyvilon
  5718 | Temple   | Became a worshipper of Warmaster Okawaru
  5958 | D:6      | Found a glowing drain.
  5963 | Sewer    | Entered a sewer
  6271 | Sewer    | Reached * piety under Okawaru
  6536 | D:6      | Noticed Blork the orc
  6542 | D:6      | Killed Blork the orc
  6543 | D:6      | Reached skill level 5 in Shields
  6710 | D:6      | Reached XP level 9. HP: 60/66 MP: 12/12
  6715 | D:6      | Reached skill level 5 in Invocations
  6717 | D:6      | Reached ** piety under Okawaru
  6721 | D:6      | Reached skill level 5 in Axes
  6998 | D:6      | Reached skill level 5 in Armour
  6998 | D:6      | Reached skill level 5 in Evocations
  7266 | D:7      | Reached skill level 5 in Fighting
  7441 | D:7      | Reached skill level 5 in Crossbows
  7600 | D:7      | Found an opulent altar of Gozag.
  7618 | D:7      | Reached *** piety under Okawaru
  8043 | D:7      | Got an ancient hand crossbow
  8044 | D:7      | Identified the +9 hand crossbow "Imivoran" {elec, Str+3
                  | Dex+5} (You found it on level 7 of the Dungeon)
  8063 | D:7      | Reached XP level 10. HP: 58/74 MP: 14/14
  8613 | D:7      | Reached skill level 6 in Axes
  8621 | D:7      | Learned a level 2 spell: Wereblood
  8736 | D:8      | Received a gift from Okawaru
  8991 | D:8      | Found a basalt altar of Yredelemnul.
  8991 | D:8      | Found a glowing silver altar of Zin.
  8996 | D:8      | Found a faded altar of an unknown god.
  9000 | D:8      | Found a hazy altar of Hepliaklqana.
  9002 | D:8      | Found a hide-covered altar of Uskayaw.
  9063 | D:8      | Reached **** piety under Okawaru
  9561 | D:8      | Found a shimmering altar of Xom.
  9842 | D:9      | Noticed a salamander
  9842 | D:9      | Noticed a death knight
  9842 | D:9      | Noticed a boulder beetle
  9844 | D:9      | a salamander changed into an eye of draining
  9870 | D:9      | Reached skill level 7 in Axes
  9895 | D:9      | Killed a death knight
  9895 | D:9      | Reached ***** piety under Okawaru
  9896 | D:9      | Reached XP level 11. HP: 24/81 MP: 14/16
  9914 | D:9      | Mangled by a boulder beetle

Illustrated notes

Levels and vault maps discovered:
D:1:      saegor_arrival_fortress, layout_basic, serial_glass, glass_columns_b,
          glass_columns_c, minmay_hexomino_p4
D:2:      layout_basic, lemuel_crystal_altar, mrwooster_statue_mirror,
          uniq_crazy_yiuf_cottage
D:3:      layout_rooms, serial_corexii_hall, corexii_hall_statues_x,
          chequers_hall_statues_wall_a
D:4:      layout_layer_cave, serial_shops, shop, chequers_serial_rivers_micro_e,
          hangedman_decor_lopped, minmay_mini_ossuary
D:5:      layout_loops_cross, nemelex_xobeh_ov_fountains_minmay,
          minmay_temple_entry_nine_rooms, corexii_hall_statues_s, fedhas_altar_1
D:6:      layout_gridville, lightli_sewer_entry_pipes, uniq_blork_the_orc
D:7:      kennysheep_six_static_rooms, layout_loops_corners,
          minmay_ruined_shrine
D:8:      layout_loops_ring, tgw_xom, chequers_temple_overflow_minitemple,
          minmay_ruffians
D:9:      layout_loops_ring, david_lair_shrubbed, serial_shops,
          nicolae_shop_stone, special_room [special_room_bee], wad_scary_box
Temple:   regret_index_temple_waves

Skill      XL: |  1  2  3  4  5  6  7  8  9 10 |
---------------+-------------------------------+-----
Crossbows      | 1 2 3 4 5 6 |  6.8
Invocations    | 1 2 3 4 5 6 |  6.8
Evocations     | 1 2 3 4 5 6 |  6.7
Shields        | 4 5 6 |  6.9
Axes           | 3 4 5 7 |  7.2
Armour         | 4 5 6 |  6.7
Fighting       | 4 5 6 |  6.2

Action                   |  1- 3 |  4- 6 |  7- 9 | 10-12 || total
-------------------------+-------+-------+-------+-------++-------
Melee: War axe           |    38 |       |       |       ||    38
       Dagger            |    96 |   127 |    79 |       ||   302
       Broad axe         |       |       |    36 |       ||    36
       Hand axe          |       |       |   250 |   165 ||   415
 Fire: Hand crossbow     |       |       |       |    33 ||    33
Invok: Heroism           |       |       |       |     1 ||     1
Evoke: Wand              |       |       |       |     2 ||     2
  Use: Scroll            |     6 |     1 |     8 |     3 ||    18
       Potion            |       |     4 |     1 |     1 ||     6
Armor: Scale mail        |    55 |       |       |       ||    55
       Chain mail        |     7 |    50 |   165 |    62 ||   284
       Plate armour      |       |       |       |     4 ||     4
Dodge: Dodged            |    46 |    33 |   105 |    42 ||   226
Block: Kite shield       |    70 |    52 |   206 |    77 ||   405
